 Dungeon Crawl Stone Soup version 0.32-a0-666-ge8a88695a4 (webtiles) character file.

Game seed: 8872496137018403199

16687578 gimp the Archmage (level 27, 277/277 HPs)
             Began as a Naga Earth Elementalist on Mar 9, 2024.
             Was the Champion of Vehumet.
             Escaped with the Orb
             ... and 15 runes on Mar 10, 2024!
             The game lasted 04:47:39 (93004 turns).

gimp the Archmage (Naga Earth Elementalist)        Turns: 93004, Time: 04:47:39

Health: 277/277    AC: 26    Str:  9    XL:     27
Magic:  63/63      EV: 18    Int: 41    God:    Vehumet [******]
Gold:   10588      SH: 26    Dex: 15    Spells: 8/80 levels left

rFire   + + +        a - staff of air
rCold   + + .        Z - +6 tower shield {AC+3}
rNeg    + + .        t - +3 leather armour {rC+ rF+}
rPois   +            j - +2 helmet
rElec   +            B - scarf {rC+ rF+}
rCorr   +            u - +2 pair of gloves {Dex+3}
SInv    +            S - +0 barding of Ineruon {rElec Will+ Regen+}
Will    ++++.        N - amulet of magic regeneration
Stlth   +            l - ring "Kysef" {rN++ rCorr Int+6}
HPRegen 2.26/turn    K - ring of Uroen {rElec rF+ MP+9 EV+5 Str+2}
MPRegen 0.78/turn

%: clarity
@: studying 4 skills, very slow
A: AC +9, large, see invisible, deformed body, poison resistance, slowness 2,
spit poison 1, naga tail 2, clarity, clever 2, regeneration 1, weak 1, sturdy
frame 1
0: Orb of Zot
}: 15/15 runes: decaying, slimy, silver, golden, iron, obsidian, icy, bone,
abyssal, demonic, glowing, magical, fiery, dark, gossamer
a: Spit Poison, Renounce Religion


You escaped.
You worshipped Vehumet.
Vehumet was exalted by your worship.
You visited 18 branches of the dungeon, and saw 87 of its levels.
You visited Pandemonium 3 times, and saw 7 of its levels.
You visited the Abyss 2 times.
You visited 1 bazaar.
You also visited: Ice Cave, Volcano and Wizlab.

You collected 15015 gold pieces.
You spent 4427 gold pieces at shops.

Inventory:

Missiles
 f - 5 throwing nets
 y - 13 curare-tipped darts
Armour
 j - a +2 helmet (worn)
 q - a +5 kite shield of reflection
 t - a +3 leather armour of resistance (worn)
 u - a +2 pair of gloves of dexterity (worn)
 B - a scarf of resistance (worn)
 Q - the +3 robe "Othaing" {^Drain +Blink Int+7 Archmagi}
   (You took it off Boris on level 3 of the Depths)

   Int+7:     It affects your intelligence (+7).
   +Blink:    It lets you blink.
   ^Drain:    It drains your maximum health when unequipped.
   Archmagi:  It increases the power of your magical spells.
 S - the +0 barding of Ineruon (worn) {rElec Will+ Regen+}
   (You acquired it on level 11 of the Dungeon)

   rElec:     It insulates you from electricity.
   Will+:     It increases your willpower.
   Regen+:    It increases your rate of health regeneration.
 Z - a +6 tower shield of protection (worn)
Magical Staves
 a - a staff of air (weapon)
 b - a staff of death
 c - a staff of fire
Jewellery
 l - the ring "Kysef" (left hand) {rN++ rCorr Int+6}
   (You took it off a guardian mummy on level 3 of the Crypt)

   [ring of intelligence]

   Int+6:     It affects your intelligence (+6).
   rN++:      It greatly protects you from negative energy.
   rCorr:     It protects you from acid and corrosion.
 K - the ring of Uroen (right hand) {rElec rF+ MP+9 EV+5 Str+2}
   (You found it in an ice cave)

   [ring of evasion]

   EV+5:      It affects your evasion (+5).
   Str+2:     It affects your strength (+2).
   rF+:       It protects you from fire.
   rElec:     It insulates you from electricity.
   MP+9:      It affects your magic capacity (+9).
 L - the ring of Ilyi {rElec rC++ rCorr Str-3 Slay+6}
   (You took it off an angel in Pandemonium)

   [ring of resist corrosion]

   Str-3:     It affects your strength (-3).
   Slay+6:    It affects your accuracy & damage with ranged weapons and melee
   (+6).
   rC++:      It greatly protects you from cold.
   rElec:     It insulates you from electricity.
   rCorr:     It protects you from acid and corrosion.
 N - an amulet of magic regeneration (around neck)
 O - the ring of Exza {rF+ rC+ rN+ Will+ SInv}
   (You found it on level 7 of Tartarus)

   [ring of see invisible]

   rF+:       It protects you from fire.
   rC+:       It protects you from cold.
   rN+:       It protects you from negative energy.
   Will+:     It increases your willpower.
   SInv:      It lets you see invisible.
 U - the ring of Deteywah {Fly rN++}
   (You took it off a guardian mummy on level 3 of the Crypt)

   [ring of flight]

   rN++:      It greatly protects you from negative energy.
   Fly:       It grants you flight.
Wands
 x - a wand of digging (9)
 A - a wand of flame (128)
 G - a wand of warping (88)
 P - a wand of acid (37)
Scrolls
 g - 4 scrolls of amnesia
 i - 5 scrolls of immolation
 o - 4 scrolls of fog
 p - 9 scrolls of poison
 v - 3 scrolls of blinking
 w - 10 scrolls of fear
 D - 14 scrolls of teleportation
 H - a scroll of revelation
 J - 12 scrolls of vulnerability
 X - 2 scrolls of summoning
Potions
 d - 35 potions of curing
 e - 5 potions of cancellation
 h - 10 potions of resistance
 m - 7 potions of enlightenment
 n - 8 potions of haste
 r - 7 potions of heal wounds
 z - a potion of might
 C - 10 potions of brilliance
 I - 4 potions of invisibility
 R - 7 potions of ambrosia
 T - 4 potions of magic
Miscellaneous
 s - a phantom mirror
 E - a phial of floods
 F - the horn of Geryon
 V - a box of beasts
 W - a condenser vane
 Y - a lightning rod (4/4)


   Skills:
 + Level 21.8 Fighting
 - Level 12.0 Staves
 - Level 15.0 Dodging
 - Level 3.0 Stealth
 - Level 17.0 Shields
 O Level 27 Spellcasting
 - Level 24.0 Conjurations
 - Level 20.0 Fire Magic
 - Level 23.2 Air Magic
 - Level 25.0 Earth Magic
 - Level 6.0 Alchemy
 - Level 15.0 Evocations


You had 8 spell levels left.
You knew the following spells:

 Your Spells              Type           Power      Damage    Failure   Level
a - Lehudib's Crystal Sp  Conj/Erth      65%        10d15     1%          8
b - Fire Storm            Conj/Fire      62%        8d16      4%          9
c - Shatter               Erth           65%        3d48*     1%          9
f - Iskenderun's Mystic   Conj/Tloc      100%       2d19      1%          4
g - Irradiate             Conj/Alch      54%        3d29      1%          5
h - Plasma Beam           Fire/Air       74%        2x1d91    1%          6
i - Passwall              Erth           100%       N/A       0%          3
j - Maxwell's Capacitive  Air            76%        ∞         1%          8
k - Ignition              Fire           60%        3d16      1%          8
l - Apportation           Tloc           100%       N/A       1%          1
m - Blink                 Tloc           100%       N/A       2%          2
n - Chain Lightning       Conj/Air       77%        3d102     2%          9

Your spell library contained the following spells:

 Spells                   Type           Power      Damage    Failure   Level
 Foxfire                  Conj/Fire      100%       2x1d9     0%          1
 Kiss of Death            Conj/Necr      100%       2d13      0%          1
 Sandblast                Erth           100%       2d20      0%          1
 Sting                    Conj/Alch      100%       1d9       0%          1
 Mercury Vapours          Alch/Air       100%       N/A       0%          2
 Momentum Strike          Conj/Tloc      100%       3d10      0%          2
 Mephitic Cloud           Conj/Alch/Air  100%       N/A       0%          3
 Stone Arrow              Conj/Erth      100%       3d13      0%          3
 Swiftness                Air            100%       N/A       0%          3
 Brom's Barrelling Bould  Conj/Erth      100%       2d11      0%          4
 Flame Wave               Conj/Fire      100%       2d21      0%          4
 Arcjolt                  Conj/Air       77%        1d87      0%          5
 Fireball                 Conj/Fire      62%        3d24      0%          5
 Iskenderun's Battlesphe  Conj           100%       2d15      0%          5
 Lee's Rapid Deconstruct  Erth           65%        3d30*     0%          5
 Bombard                  Conj/Erth      65%        9d11      0%          6
 Conjure Ball Lightning   Conj/Air       77%        3x3d28    0%          6
 Freeze                   Ice            100%       1d10      1%          1
 Summon Small Mammal      Summ           100%       N/A       1%          1
 Cigotuvi's Dreadful Rot  Necr/Alch/Air  100%       N/A       1%          2
 Dazzling Flash           Conj/Hex       100%       N/A       1%          3
 Frozen Ramparts          Ice            100%       1d16      1%          3
 Hailstorm                Conj/Ice       100%       3d16      1%          3
 Inner Flame              Hex/Fire       95%        N/A       1%          3
 Volatile Blastmotes      Fire/Tloc      100%       2d18      1%          3
 Animate Armour           Summ/Erth      100%       N/A       1%          4
 Ignite Poison            Fire/Alch      100%       N/A       1%          4
 Olgreb's Toxic Radiance  Alch           81%        N/A       1%          4
 Petrify                  Alch/Erth      100%       N/A       1%          4
 Sticky Flame             Fire/Alch      100%       2d15      1%          4
 Summon Blazeheart Golem  Fire/Summ      95%        N/A       1%          4
 Summon Lightning Spire   Summ/Air       100%       N/A       1%          4
 Borgnjor's Vile Clutch   Necr/Erth      51%        N/A       1%          5
 Freezing Cloud           Conj/Ice/Air   67%        6-21      1%          5
 Silence                  Hex/Air        61%        N/A       1%          5
 Starburst                Conj/Fire      62%        6d16      1%          6
 Orb of Destruction       Conj           64%        9d15      1%          7
 Ensorcelled Hibernation  Hex/Ice        100%       N/A       2%          2
 Jinxbite                 Hex            100%       N/A       2%          2
 Sublimation of Blood     Necr           53%        N/A       2%          2
 Spellforged Servitor     Conj/Summ      50%        N/A       2%          7
 Alistair's Intoxication  Alch           54%        N/A       3%          5
 Yara's Violent Unravell  Hex/Alch       34%        3d14      3%          5
 Call Canine Familiar     Summ           53%        N/A       4%          3
 Confusing Touch          Hex            53%        N/A       4%          3
 Fugue of the Fallen      Necr           53%        N/A       4%          3
 Ozocubu's Armour         Ice            53%        N/A       4%          3
 Sigil of Binding         Hex            53%        N/A       4%          3
 Summon Ice Beast         Ice/Summ       53%        N/A       4%          3
 Tukima's Dance           Hex            53%        N/A       4%          3
 Eringya's Noxious Bog    Alch           40%        4d6       5%          6
 Anguish                  Hex/Necr       26%        N/A       14%         4
 Cause Fear               Hex            26%        N/A       14%         4
 Dimensional Bullseye     Hex/Tloc       26%        N/A       14%         4
 Dispel Undead            Necr           53%        3d19      14%         4
 Manifold Assault         Tloc           53%        N/A       14%         4
 Martyr's Knell           Necr/Summ      53%        N/A       14%         4
 Passage of Golubria      Tloc           53%        N/A       14%         4
 Curse of Agony           Necr           53%        N/A       36%         5
 Metabolic Englaciation   Hex/Ice        26%        N/A       36%         5
 Summon Forest            Summ/Tloc      26%        N/A       36%         5
 Summon Mana Viper        Hex/Summ       53%        N/A       36%         5
 Sculpt Simulacrum        Ice/Alch       34%        N/A       54%         6
 Death Channel            Necr           26%        N/A       91%         6
 Dispersal                Tloc           26%        N/A       91%         6
 Ozocubu's Refrigeration  Ice            26%        4d13      94%         7
 Enfeeble                 Hex            26%        N/A       100%        7
 Haunt                    Necr/Summ      26%        N/A       100%        7
 Monstrous Menagerie      Summ           26%        N/A       100%        7
 Summon Hydra             Summ           26%        N/A       100%        7
 Borgnjor's Revivificati  Necr           26%        N/A       100%        8
 Discord                  Hex            26%        N/A       100%        8
 Disjunction              Tloc           26%        N/A       100%        8
 Summon Horrible Things   Summ           26%        N/A       100%        8
 Death's Door             Necr           26%        N/A       100%        9
 Dragon's Call            Summ           26%        N/A       100%        9


Dungeon Overview and Level Annotations

Branches:
Dungeon (15/15)            Temple (1/1) D:6            Lair (5/5) D:10
  Swamp (4/4) Lair:2       Spider (4/4) Lair:2        Slime (5/5) Lair:4
    Orc (2/2) D:10            Elf (3/3) Orc:2        Vaults (5/5) D:14
  Crypt (3/3) Vaults:2       Tomb (3/3) Crypt:3      Depths (4/4) D:15
   Hell (visited)             Dis (7/7) Hell            Geh (7/7) Hell
    Coc (7/7) Hell            Tar (7/7) Hell            Zot (5/5) Depths:4
  IceCv (visited)         Volcano (visited)          WizLab (visited)

Altars:
Ashenzari
Cheibriados
Dithmenos
Elyvilon
Fedhas
Gozag
Hepliaklqana
Kikubaaqudgha
Makhleb
Nemelex Xobeh
Okawaru
Qazlal
Ru
Sif Muna
Trog
Uskayaw
Vehumet
Wu Jian
Xom
Yredelemnul
Zin
The Shining One
Beogh

Shops:
D:5 *   D:6 ?:   D:15 =   Orc:2 [[([   Elf:3 !=!   Vaults:1 [   Depths:3 :

Portals:
Hell: Depths:1 Depths:2 Depths:3 Depths:4
Abyss: Depths:3
Pandemonium: Depths:2 Depths:3
Ziggurat: Depths:1

Annotations:
Spider:4 Mara
Elf:2 4 runed translucent doors, exclusion: 4 doors
Tomb:1 1 exclusion
Depths:4 1 transporter


Innate Abilities, Weirdness & Mutations

Your serpentine skin is tough. (AC +9)
You have supernaturally acute eyesight. (SInv)
Armour fits poorly on your strangely shaped body.
Your system is resistant to poisons. (rPois)
You cover ground very slowly.
You can spit poison.
You can use your snake-like lower body to constrict enemies.
You possess an exceptional clarity of mind.
Your mind is very acute. (Int +8, Str/Dex -2)
Your natural rate of healing is unusually fast.
You are weak. (Str -2)
Your movements are slightly less encumbered by armour. (ER -2)


Message History

You regained 3 hp, and now have 276/277 hp.
You regained 2 mp, and now have 56/63 mp.
Health restored: 277
Casting: Chain Lightning (mildly dangerous; 2% risk of failure)
Confirm with . or Enter, or press ? or * to list all spells.
Aiming: Lehudib's Crystal Spear (mildly dangerous; 1% risk of failure)
Press: ? - help, Shift-Dir - straight line, f - hellwing
Aim: a hellwing (84% to hit)
The crystal spear misses the hellwing.
You now have 54/63 mp.
Casting: Lehudib's Crystal Spear (mildly dangerous; 1% risk of failure)
Confirm with . or Enter, or press ? or * to list all spells.
Aiming: Lehudib's Crystal Spear (mildly dangerous; 1% risk of failure)
Press: ? - help, Shift-Dir - straight line, f/p - hellwing
Aim: a hellwing (84% to hit)
The crystal spear hits the hellwing!!!
You kill the hellwing!
Vehumet accepts your kill.
You feel your power returning.
You now have 48/63 mp.
An ice devil comes into view.
You regained 6 mp, and now have 54/63 mp.
Casting: Lehudib's Crystal Spear (mildly dangerous; 1% risk of failure)
Confirm with . or Enter, or press ? or * to list all spells.
Aiming: Lehudib's Crystal Spear (mildly dangerous; 1% risk of failure)
Press: ? - help, Shift-Dir - straight line, f - ice devil
Aim: an ice devil (84% to hit)
The crystal spear hits the ice devil!!!!
You kill the ice devil!
Vehumet accepts your kill.
You feel your power returning.
You now have 48/63 mp.
Casting: Lehudib's Crystal Spear (mildly dangerous; 1% risk of failure)
Confirm with . or Enter, or press ? or * to list all spells.
You can't see any susceptible monsters within range! (Use Z to cast anyway.) Magic restored.
There is a stone staircase leading up here.
You climb upwards.
There is a stone staircase leading down here.
There is a stone staircase leading up here.
You climb upwards.
There is a stone staircase leading down here.
There is a stone staircase leading up here.
You climb upwards.
There is a stone staircase leading down here. 2 hell hounds come into view.
MP restored: 63 The hell hound barks!
The hell hound breathes flames at you. The blast of flame hits you. You resist.
The blast of flame hits you but does no damage.
A hell hound comes into view.
You take 1 damage, and have 276/277 hp.
Casting: Lehudib's Crystal Spear (mildly dangerous; 1% risk of failure)
Confirm with . or Enter, or press ? or * to list all spells.
You feel a surge of power! Lightning arcs from your hands!
The bolt of lightning hits the hell hound!!!!
You kill the hell hound!
Vehumet accepts your kill.
You feel your power returning.
The bolt of lightning hits the hell hound!!
You kill the hell hound!
Vehumet accepts your kill.
You feel your power returning. The bolt of lightning hits you! You resist.
You take 4 damage, and have 272/277 hp.
You now have 58/63 mp.
The hell hound barely misses you. The hell hound breathes flames at you.
The blast of flame misses you.
You regained 3 hp, and now have 275/277 hp.
Casting: Chain Lightning (mildly dangerous; 2% risk of failure)
Confirm with . or Enter, or press ? or * to list all spells.
Aiming: Lehudib's Crystal Spear (mildly dangerous; 1% risk of failure)
Press: ? - help, Shift-Dir - straight line, f - hell hound
Aim: a hell hound (catching its breath, 78% to hit)
The crystal spear hits the hell hound!!!
You kill the hell hound!
Vehumet accepts your kill.
You feel your power returning.
Health restored: 277 You now have 53/63 mp.
Magic restored.
There is a stone staircase leading up here.
You climb upwards.
There is a stone staircase leading down here.
Things that are here:
a +1 dagger of electrocution; a kobold skeleton
There is a stone staircase leading up here.
You climb upwards.
There is a stone staircase leading down here.
There is a stone staircase leading up here.
You climb upwards.
There is a stone staircase leading down here.
There is a stone staircase leading up here.
You climb upwards.
There is a stone staircase leading down here.
There is a large open door here.
There is an open door here.
There is a staircase leading out of the dungeon here.
MP restored: 63 You have escaped!

...####÷######### ## ####
#÷# # #
#.################### #
##......###÷#ß#÷#ß#÷########
#
#.......#ß#'#.#+#.#+#ß#.†...
#
#.#####.'.............'.####
#.# #.'.............'.# #.#
###ß#'#.#+#.#+#ß#.### #.#
###@#ß#÷#ß#÷###...##
######.# #############......
.......# #.# #.# ##.#.##
######## #.# #.# #.....
######## #.# #.# #.....
.......# #.# #.# #.....
######.# #.# #.# #÷....
#.#########.###.# #.....
#>>.............# ##....


There were no monsters in sight!

Vanquished Creatures
  Cerebov (Pan)
  Antaeus (Coc:7)
  the Royal Jelly (Slime:5)
  Dissolution (Slime:4)
  Asmodeus (Geh:7)
  Gloorx Vloq (Pan)
  Mnoleg (Pan)
  Ereshkigal (Tar:7)
  the Serpent of Hell (Dis:7)
  Lom Lobon (Pan)
  A seraph (Pan)
  6 ancient liches
  8 dread liches
  Dispater (Dis:7)
  9 orbs of fire (Zot:5)
  Khufu (Crypt:1)
  Mennas (Vaults:3)
  3 juggernauts
  11 royal mummies
  Sojobo (Vaults:2)
  Vv (Crypt:1)
  The ghost of Cuucabuana the Slayer, a veteran MiGl of Okawaru (Elf:2)
  Boris (thrice) (Vaults:2 Depths:3 Tomb:1)
  13 shard shrikes
  Geryon (Hell)
  21 caustic shrikes
  5 Killer Klowns (Zot:5)
  2 golden dragons
  17 bone dragons
  Nikola (Vaults:2)
  Norris (Depths:1)
  Jory (Vaults:3)
  2 pearl dragons (Pan)
  9 doom hounds
  21 profane servitors
  the Enchantress (Depths:2)
  Arachne (Spider:3)
  10 Brimstone Fiends
  5 iron giants (Dis:7)
  2 electric golems (Zot:5)
  9 hellephants
  Rupert (D:13)
  Jorgrun (Swamp:2)
  11 tentacled monstrosities
  12 Tzitzimimeh
  18 Ice Fiends
  A walking crystal tome (Depths:3)
  20 tainted leviathans
  25 Orb Guardians (Zot:5)
  A spectral shard shrike (Tar:5)
  23 Hell Sentinels
  Grunn (Depths:3)
  6 liches
  16 searing wretches
  5 quicksilver dragons
  2 walking divine tomes
  A deep elf master archer (Elf:3)
  23 acid blobs
  3 deep elf blademasters (Elf:3)
  11 sphinxes
  22 titans
  26 Executioners (Pan)
  35 ancient champions
  A kraken (Abyss:4)
  15 tentacled starspawn
  Agnes (Spider:3)
  11 storm dragons
  9 shadow dragons
  5 death cobs
  3 nagarajas (WizLab)
  Roxanne (Swamp:4)
  9 tengu reavers
  4 draconian monks
  4 revenants
  Donald (Vaults:4)
  The ghost of Ykem the Impaler, an adept GnWn of Okawaru (Swamp:1)
  11 rockslimes
  10 narguns
  12 quicksilver elementals
  4 protean progenitors (Pan)
  27 fire giants
  6 fenstrider witches
  10 iron dragons
  A spectral caustic shrike (Tar:6)
  10 daevas (Pan)
  3 deep elf elementalists
  7 deep elf sorcerers
  4 demonspawn warmongers (Pan)
  5 emperor scorpions
  6 draconian knights
  17 azure jellies
  18 cacodemons
  9 draconian shifters
  7 shard shrike simulacra
  13 vault wardens
  2 pandemonium lords
  6 draconian scorchers
  15 frost giants
  37 balrugs
  4 ghost moths
  Louise (Spider:4)
  4 curse skulls
  5 spriggan defenders (Depths:2)
  6 orc warlords
  36 angels
  26 reapers
  6 ghouls
  A spectral juggernaut (Tar:4)
  10 draconian annihilators
  27 very ugly things
  13 ophanim
  6 caustic shrike skeletons (Pan)
  5 juggernaut skeletons (Pan)
  2 broodmothers (Spider:4)
  3 draconian stormcallers
  4 ironbound thunderhulks
  5 demonspawn corrupters
  9 formless jellyfish
  17 stone giants
  23 quicksilver oozes
  16 elemental wellsprings
  5 demonspawn blood saints (Pan)
  27 apis (Pan)
  Nessos (Lair:4)
  5 demonspawn black suns (Pan)
  13 ironbound preservers
  9 vampire knights
  6 black draconians
  5 deep elf demonologists (Elf:3)
  5 bunyips
  4 deep elf death magi
  4 eleionomae
  9 deep elf annihilators
  27 putrid mouths
  13 white draconians
  5 purple draconians
  8 green draconians
  3 lorocyprocas
  13 red draconians
  6 bennus (Tomb:1)
  30 war gargoyles
  20 yellow draconians
  11 wendigos
  9 eidola
  7 iron golems
  6 spark wasps
  5 dire elephants
  11 blizzard demons
  Josephine (D:13)
  10 green deaths
  14 mummy priests
  11 ettins
  16 jiangshi
  A spectral kraken (Tar:7)
  The ghost of juan097 the Basher, a journeyman CoAr of Okawaru (Lair:1)
  3 entropy weavers
  2 shambling mangroves
  A merfolk impaler (Depths:2)
  A merfolk javelineer (Depths:1)
  2 spectral spriggans
  A spectral iron giant (Tar:2)
  14 yaktaur captains
  3 crystal guardians
  12 great orbs of eyes
  7 fire dragons
  9 salamander tyrants
  A spectral golden dragon (Tar:7)
  12 ice dragons
  A kraken zombie (Hell)
  6 caustic shrike simulacra
  5 rakshasas
  14 deep elf high priests
  A spectral shadow dragon (Tar:1)
  3 peacekeepers
  4 juggernaut simulacra
  38 vault guards
  3 ogre magi
  5 spriggan air magi
  18 hydras
  8 ironbound frosthearts
  A merfolk avatar (Abyss:4)
  A jorogumo (Pan)
  A catoblepas (Lair:1)
  12 centaur warriors
  6 alligators
  7 two-headed ogres
  A satyr (Pan)
  3 spriggan skeletons
  16 stokers
  A ghost crab (Swamp:2)
  29 dancing weapons
  2 merfolk aquamancers
  4 death knights
  4 spectral stone giants
  11 deep troll shamans
  The ghost of Mattviviwu the Destroyer, a journeyman DECj of Ashenzari (D:13)
  4 tengu warriors
  6 demonic crawlers
  9 deep troll earth magi
  39 hell hogs
  2 boulder beetles
  10 spriggan berserkers
  An azure jelly zombie (Crypt:2)
  15 death scarabs
  3 shock serpents (Pan)
  17 hell knights
  6 orc high priests
  A titan zombie (Tomb:1)
  10 occultists
  2 death yaks
  11 thrashing horrors
  6 holy swine (Pan)
  A shock serpent (shapeshifter) (WizLab)
  25 soul eaters
  29 skeletal warriors
  3 skysharks (Depths:1)
  A skyshark (shapeshifter) (Vaults:5)
  8 shadow wraiths
  30 sun demons
  A hellephant skeleton (Pan)
  17 iron trolls
  11 wretched stars
  10 crystal echidnas
  5 deep elf knights
  4 pharaoh ants
  A spectral anaconda (Tar:3)
  17 sixfirhies
  Amaemon (Lair:2)
  3 quicksilver dragon simulacra
  11 shadow demons (Pan)
  8 orb spiders
  15 cherubim (Pan)
  5 goliath frogs
  59 deep trolls
  10 arcanists
  5 spriggan druids
  A deep troll (shapeshifter) (Vaults:4)
  6 flayed ghosts
  A kraken simulacrum (Hell)
  10 sun moths (Pan)
  A sun moth (shapeshifter) (Vaults:5)
  11 swamp dragons
  A snapping turtle (shapeshifter) (Vaults:4)
  2 spectral hydras
  7 deep elf archers
  An iron giant skeleton (Crypt:2)
  3 glowing orange brains
  A mana viper (Abyss:2)
  23 lindwurms
  3 spriggan simulacra
  A fenstrider witch simulacrum (Coc:2)
  15 bog bodies
  5 steelbarb worms
  14 ironbound convokers
  A harpy (shapeshifter) (Vaults:5)
  6 phantasmal warriors
  2 thermic dynamos (Elf:3)
  3 steelbarb worms (shapeshifter)
  18 deep elf pyromancers
  Pikel (D:5)
  A spectral merfolk (Tar:1)
  13 necromancers
  An orc sorcerer (Orc:2)
  15 deep elf zephyrmancers
  12 orc knights
  An alligator zombie (Hell)
  4 shining eyes
  17 wolf spiders
  2 oklob plants
  2 spectral ettins
  A sea snake (shapeshifter) (Vaults:5)
  A faun (shapeshifter) (Elf:3)
  2 human zombies (Vaults:2)
  42 ugly things
  A cyclops (D:14)
  A stone giant zombie (Hell)
  3 manticores
  3 will-o-the-wisps
  16 moths of wrath
  5 worldbinders
  An alligator skeleton (Hell)
  8 meliai
  A spectral centaur (Tar:2)
  2 stone giant skeletons
  6 ice statues
  An apocalypse crab (Abyss:2)
  8 molten gargoyles
  10 black mambas
  An eye of devastation (shapeshifter) (Abyss:4)
  12 rust devils
  9 kobold blastminers (Orc:2)
  17 vault sentinels
  31 smoke demons
  2 water nymphs
  Joseph (D:7)
  4 eyes of devastation
  15 orange demons
  5 unseen horrors
  Maggie (D:7)
  13 komodo dragons
  56 large abominations
  12 spectral swamp worms (Tar:7)
  A storm dragon simulacrum (Coc:1)
  18 hellions
  3 titan simulacra
  5 torpor snails
  16 efreet
  4 kobold demonologists
  2 rime drakes (Lair:3)
  Jeremiah (D:7)
  11 cane toads
  A spectral naga (Tar:3)
  9 anaconda simulacra
  20 guardian mummies
  24 yaktaurs
  15 freezing wraiths
  3 iron giant simulacra
  11 ancient zymes
  A silent spectre (Tar:3)
  A tengu conjurer (Depths:1)
  An unseen horror skeleton (Crypt:2)
  2 spectral harpies
  28 tormentors
  2 hydra zombies (Hell)
  15 ice devils
  2 golden dragon simulacra
  3 harpy zombies
  A great orb of eyes zombie (Crypt:1)
  2 red devils
  2 trolls
  A death drake zombie (Crypt:2)
  30 hellwings
  A bloated husk (Swamp:2)
  A sea snake skeleton (Hell)
  A purple draconian skeleton (Crypt:1)
  2 harpy skeletons
  7 tyrant leeches
  20 hornets
  20 tarantellas
  A polar bear (Lair:3)
  2 ettin zombies
  2 iron dragon simulacra
  2 hydra skeletons (Hell)
  23 blink frogs
  A jumping spider zombie (Crypt:1)
  A stone giant simulacrum (Coc:1)
  17 raiju
  17 jumping spiders
  A spectral dream sheep (Lair:1)
  2 spectral black mambas (Lair:1)
  5 glass eyes
  2 naga simulacra
  2 elf zombies (Vaults:1)
  128 slime creatures
  18 ushabtiu
  8 culicivoras
  13 water elementals
  21 shadows
  2 vampires
  2 air elementals (Elf:1)
  16 ynoxinuls
  23 spriggans
  3 wyverns
  6 fire elementals
  34 yaks
  14 wraiths
  3 dire elephant simulacra
  5 basilisks
  2 golden eyes (Slime:2)
  22 starcursed masses
  12 neqoxecs
  Eustachio (D:4)
  7 wargs
  A redback (shapeshifter) (Depths:4)
  41 redbacks
  An alligator snapping turtle simulacrum (Coc:2)
  2 steam dragons
  17 vampire mosquitoes
  3 death yak simulacra (Lair:1)
  9 chaos spawn
  Menkaure (D:5)
  Edmund (D:4)
  A faun zombie (Crypt:2)
  18 harpy simulacra
  A catoblepas simulacrum (Crypt:2)
  18 swamp worms
  2 acid dragons
  A deep troll skeleton (Crypt:1)
  7 hell hounds
  A fire bat skeleton (Crypt:2)
  4 great orb of eyes simulacra (IceCv)
  23 water moccasins
  7 swamp drakes (Swamp:4)
  3 hydra simulacra
  9 ice beasts
  31 orc warriors
  7 ettin simulacra
  A meliai simulacrum (D:10)
  12 ogres
  5 black bears
  A black mamba simulacrum (Lair:1)
  15 small abominations
  13 wolves
  A boggart (D:14)
  55 laughing skulls
  2 phantoms
  15 centaurs
  A lindwurm skeleton (Crypt:1)
  A lemure (D:5)
  6 kobold brigands
  9 weeping skulls
  A rime drake skeleton (Crypt:2)
  3 slime creature simulacra (IceCv)
  Blork the orc (D:4)
  17 bullfrogs
  A yaktaur skeleton (Crypt:2)
  8 brain worms
  4 earth elementals
  5 glowing shapeshifter simulacra (IceCv)
  4 burial acolytes (Crypt:3)
  7 wights
  A cyclops skeleton (Crypt:1)
  5 spriggan zombies
  9 killer bees (D:10)
  5 howler monkeys
  7 electric eels
  A crimson imp (Abyss:2)
  5 lava snakes (Lair:5)
  2 bombardier beetles
  A centaur zombie (Crypt:2)
  2 quasits
  26 jellies
  10 orc priests
  A hound (D:4)
  An iron imp (Abyss:2)
  3 iguanas
  Natasha (thrice) (D:3)
  17 orc wizards
  7 hell rats (Lair:5)
  A sleepcap (D:4)
  3 centaur simulacra
  3 hound zombies (D:15)
  30 mummies
  Robin (D:4)
  8 gnolls
  8 adders
  5 shadow imps
  5 white imps
  11 ufetubi
  5 dart slugs
  3 ribbon worms
  64 orcs
  8 ball pythons
  7 bats
  12 endoplasms
  3 giant cockroaches
  15 goblins
  7 hobgoblins
  7 jackals
  4 quokkas
  A river rat zombie (Crypt:1)
  2 frilled lizards (D:1)
  A frilled lizard zombie (Crypt:1)
  A gnoll skeleton (Crypt:2)
  25 kobolds
  An orc skeleton (Crypt:2)
  9 rats
  A spectral orc (D:13)
  5 aspiring fleshes (Pan)
  3 creeping infernos
  A fire vortex (Geh:3)
  A lurking horror (Abyss:2)
  8 starspawn tentacles
  14 tentacles
3981 creatures vanquished.

Vanquished Creatures (collateral kills)
  A glowing shapeshifter simulacrum (IceCv)
1 creature vanquished.

Vanquished Creatures (others)
  2 eldritch tentacles
  2 shard shrike simulacra
  A blizzard demon (Pan)
  A caustic shrike simulacrum (Coc:4)
  A spriggan simulacrum (Coc:4)
  A deep elf zephyrmancer (Elf:1)
  A yaktaur (Vaults:2)
  A bloated husk (Swamp:2)
  A small abomination (Abyss:4)
  A human (D:8)
  An endoplasm (D:1)
  A hobgoblin (D:1)
  A ball python (D:1)
  2 kobolds (D:1)
  A creeping inferno (Geh:3)
  8 foxfires
  A lurking horror (Abyss:1)
  23 starspawn tentacles
  9 tentacles
59 creatures vanquished.

Grand Total: 4041 creatures vanquished

Notes
Turn   | Place    | Note
-------+----------+-------------------------------------------
     0 | D:1      | gimp the Naga Earth Elementalist began the quest for the
                  | Orb.
     0 | D:1      | Reached XP level 1. HP: 15/15 MP: 3/3
   156 | D:1      | Reached XP level 2. HP: 22/22 MP: 5/5
   572 | D:1      | Reached XP level 3. HP: 28/28 MP: 7/7
   576 | D:1      | Learned a level 3 spell: Stone Arrow
  1016 | D:2      | Identified the +1 robe of the Shore {Will+ Regen+ Archmagi}
  1037 | D:2      | Reached skill level 3 in Spellcasting
  1099 | D:2      | Reached XP level 4. HP: 36/36 MP: 6/8
  1342 | D:2      | Learned a level 3 spell: Mephitic Cloud
  1829 | D:3      | Noticed Natasha
  1839 | D:3      | Killed Natasha
  1840 | D:3      | Reached XP level 5. HP: 40/42 MP: 6/10
  1854 | D:3      | Noticed Natasha
  1857 | D:3      | Killed Natasha
  1968 | D:3      | Found a glowing golden altar of the Shining One.
  2026 | D:3      | Found a shimmering blue altar of Sif Muna.
  2033 | D:3      | Found a snail-covered altar of Cheibriados.
  2037 | D:3      | Found a sparkling altar of Nemelex Xobeh.
  2079 | D:3      | Noticed Natasha
  2093 | D:3      | Killed Natasha
  2094 | D:3      | Reached skill level 4 in Spellcasting
  2173 | D:3      | Found a bloodstained altar of Trog.
  2176 | D:3      | Found a hide-covered altar of Uskayaw.
  2217 | D:3      | Reached XP level 6. HP: 39/49 MP: 1/12
  2390 | D:4      | Noticed an ice beast
  2398 | D:4      | Killed an ice beast
  2497 | D:4      | Noticed Edmund
  2506 | D:4      | Killed Edmund
  2507 | D:4      | Reached skill level 5 in Spellcasting
  2507 | D:4      | Reached XP level 7. HP: 38/55 MP: 2/14
  2595 | D:4      | Got the Book of Oxidation
  2713 | D:4      | Noticed Eustachio
  2775 | D:4      | Reached skill level 5 in Earth Magic
  2795 | D:4      | Reached skill level 1 in Alchemy
  2844 | D:4      | Reached skill level 6 in Spellcasting
  2844 | D:4      | Reached XP level 8. HP: 21/62 MP: 0/17
  2852 | D:4      | Found a burning altar of Makhleb.
  2860 | D:4      | Noticed Blork the orc
  2934 | D:4      | Killed Eustachio
  3037 | D:4      | Killed Blork the orc
  3099 | D:4      | Found a stormy altar of Qazlal.
  3243 | D:4      | Noticed Robin
  3245 | D:4      | Killed Robin
  3688 | D:5      | Entered Level 5 of the Dungeon
  3892 | D:5      | Noticed Pikel
  3933 | D:5      | Killed Pikel
  3934 | D:5      | Reached skill level 7 in Spellcasting
  3934 | D:5      | Reached XP level 9. HP: 68/68 MP: 0/20
  4198 | D:5      | Found Ippainu's Assorted Antiques.
  4225 | D:5      | Bought a scroll labelled NUSOYSHR XIFOF for 20 gold pieces
  4225 | D:5      | Bought a scroll labelled BUNUEKH YLIREQ for 20 gold pieces
  4225 | D:5      | Bought a scroll labelled OXATOI TIJI for 20 gold pieces
  4396 | D:5      | Reached skill level 8 in Spellcasting
  4692 | D:5      | Noticed Menkaure
  4705 | D:5      | Killed Menkaure
  5062 | D:5      | Acquired the +0 barding of the Villain {Will+ rCorr Str+3}
  5639 | D:6      | Found a transporter.
  5639 | D:6      | Noticed a kobold demonologist
  5744 | D:6      | Found Highyfij's Magic Scroll Shoppe.
  5765 | D:6      | Bought a scroll of blinking for 82 gold pieces
  5765 | D:6      | Bought a scroll of fear for 44 gold pieces
  5765 | D:6      | Bought a scroll of identify for 22 gold pieces
  5766 | D:6      | Bought a scroll of poison for 44 gold pieces
  5900 | D:6      | Noticed a kobold demonologist
  5911 | D:6      | Found a transporter.
  6214 | D:6      | Reached skill level 5 in Conjurations
  6357 | D:6      | Found Weyxaa Dajo's Book Shoppe.
  6449 | D:6      | Found a staircase to the Ecumenical Temple.
  6455 | Temple   | Entered the Ecumenical Temple
  6469 | Temple   | Became a worshipper of Vehumet
  6647 | D:6      | Killed a kobold demonologist
  6648 | D:6      | Reached skill level 9 in Spellcasting
  6724 | D:6      | Noticed a hellwing
  6724 | D:6      | Killed a kobold demonologist
  6725 | D:6      | Reached XP level 10. HP: 75/75 MP: 10/23
  6919 | D:7      | Noticed Maggie
  6926 | D:7      | Killed Maggie
  7157 | D:7      | Noticed Jeremiah
  7207 | D:7      | Killed Jeremiah
  7332 | D:7      | Identified the +3 glaive of Hepliaklqana's Whim {flame,
                  | rN+}
  7501 | D:7      | Reached skill level 10 in Spellcasting
  7631 | D:7      | Noticed Joseph
  7637 | D:7      | Reached skill level 1 in Air Magic
  7669 | D:7      | Killed Joseph
  8183 | D:8      | Noticed an ice statue
  8407 | D:8      | Reached * piety under Vehumet
  8407 | D:8      | Offered knowledge of Freeze by Vehumet.
  8585 | D:8      | Found an ancient bone altar of Kikubaaqudgha.
  8713 | D:8      | Reached skill level 11 in Spellcasting
  9787 | D:9      | Reached XP level 11. HP: 81/81 MP: 19/26
  9801 | D:9      | Learned a level 4 spell: Sticky Flame
  9807 | D:9      | Learned a level 5 spell: Fireball
  9945 | D:9      | Reached skill level 1 in Fire Magic
 10064 | D:9      | Identified the +8 long sword of Ointment {flame, *Slow Fly
                  | Will+ Str+3}
 10330 | D:10     | Entered Level 10 of the Dungeon
 10711 | D:10     | Found a staircase to the Lair.
 10711 | D:10     | Noticed an oklob plant
 10725 | D:10     | Killed an oklob plant
 10726 | D:10     | Reached skill level 5 in Alchemy
 11014 | D:10     | Reached ** piety under Vehumet
 11014 | D:10     | Offered knowledge of Static Discharge by Vehumet.
 11057 | D:10     | Reached skill level 12 in Spellcasting
 11070 | D:10     | Acquired 656 gold pieces
 11289 | D:10     | Found a staircase to the Orcish Mines.
 11733 | D:11     | Identified the +0 cloak of Hubris {-Tele rPois rC- Dex+8}
 12061 | D:11     | Acquired the +0 barding of Ineruon {rElec Will+ Regen+}
 12109 | D:11     | Noticed a two-headed ogre
 12116 | D:11     | Killed a two-headed ogre
 12117 | D:11     | Reached skill level 1 in Fighting
 13104 | D:12     | Noticed a cyan ugly thing
 13209 | Lair:1   | Entered Level 1 of the Lair of Beasts
 13546 | Lair:1   | Offered knowledge of Momentum Strike by Vehumet.
 13589 | Lair:1   | Reached XP level 12. HP: 95/96 MP: 21/28
 13606 | Lair:1   | Reached skill level 13 in Spellcasting
 13763 | Lair:1   | Reached skill level 5 in Fire Magic
 13824 | Lair:1   | Found a runed translucent gate.
 13824 | Lair:1   | Found a runed translucent gate.
 13824 | Lair:1   | Found a runed translucent gate.
 13824 | Lair:1   | Noticed juan097's ghost (journeyman CoAr)
 14039 | Lair:1   | Noticed a death yak
 14138 | Lair:1   | Killed a death yak
 14321 | Lair:1   | Noticed a catoblepas
 14330 | Lair:1   | Killed a catoblepas
 14683 | Lair:2   | Reached *** piety under Vehumet
 14710 | Lair:2   | Found a staircase to the Swamp.
 14914 | Lair:2   | Found a dark tunnel.
 14921 | Volcano  | Entered a volcano
 15036 | Volcano  | Reached skill level 5 in Fighting
 15099 | Volcano  | Reached skill level 14 in Spellcasting
 15276 | Volcano  | Offered knowledge of Fulminant Prism by Vehumet.
 15910 | Lair:2   | Noticed a five-headed hydra
 15914 | Lair:2   | Gained mutation: You can use your snake-like lower body to
                  | constrict enemies. [Naga growth]
 15914 | Lair:2   | Reached XP level 13. HP: 109/109 MP: 19/31
 16126 | Lair:2   | Noticed Amaemon
 16136 | Lair:2   | Killed Amaemon
 16420 | Lair:2   | Found a shimmering altar of Xom.
 16555 | Lair:2   | Reached **** piety under Vehumet
 16580 | Lair:2   | Found a hole to the Spider Nest.
 16624 | Lair:2   | Offered knowledge of Iskenderun's Mystic Blast by Vehumet.
 16643 | Lair:2   | Learned a level 4 spell: Iskenderun's Mystic Blast
 17226 | Lair:3   | Identified the +9 war axe "Beast's Death Toll" {freeze, rF+
                  | rN+++ Will- rCorr Stlth-}
 17252 | Lair:3   | Reached skill level 15 in Spellcasting
 18011 | Lair:3   | Reached skill level 5 in Dodging
 18657 | Lair:4   | Found a staircase to the Slime Pits.
 18665 | Lair:4   | Reached ***** piety under Vehumet
 18665 | Lair:4   | Offered knowledge of Spellforged Servitor by Vehumet.
 19292 | Lair:4   | Noticed Nessos
 19298 | Lair:4   | Killed Nessos
 19656 | Lair:5   | Entered Level 5 of the Lair of Beasts
 20127 | Lair:5   | Reached XP level 14. HP: 104/117 MP: 22/33
 20829 | Lair:5   | Offered knowledge of Conjure Ball Lightning by Vehumet.
 21086 | Lair:5   | Reached skill level 10 in Fire Magic
 21282 | Lair:5   | Reached skill level 16 in Spellcasting
 21873 | Lair:5   | Found a large runed translucent door.
 21874 | Lair:5   | Found a large runed translucent door.
 22073 | Orc:1    | Entered Level 1 of the Orcish Mines
 22180 | Orc:2    | Entered Level 2 of the Orcish Mines
 22287 | Orc:2    | Found a roughly hewn altar of Beogh.
 22443 | Orc:2    | Found a roughly hewn altar of Beogh.
 22886 | Orc:2    | Found a roughly hewn altar of Beogh.
 23189 | Orc:2    | Found a roughly hewn altar of Beogh.
 23289 | Orc:2    | Found a roughly hewn altar of Beogh.
 23561 | Orc:2    | Found a staircase to the Elven Halls.
 23659 | Orc:2    | Found a roughly hewn altar of Beogh.
 23666 | Orc:2    | Found Kipoisa's Armour Boutique.
 23731 | Orc:2    | Found a roughly hewn altar of Beogh.
 23811 | Orc:2    | Offered knowledge of Plasma Beam by Vehumet.
 23830 | Orc:2    | Learned a level 6 spell: Plasma Beam
 24143 | Orc:2    | Noticed an orc warlord
 24277 | Orc:2    | Killed an orc warlord
 24356 | Orc:2    | Found Gezy Kou's Antique Armour Shop.
 24357 | Orc:2    | Found a roughly hewn altar of Beogh.
 24358 | Orc:2    | Found Zuhihob's Antique Weapon Boutique.
 24371 | Orc:2    | Bought a steaming robe for 131 gold pieces
 24371 | Orc:2    | Identified the +2 robe of Light {Fly Int+2 SInv} (You
                  | bought it in a shop on level 2 of the Orcish Mines)
 24407 | Orc:2    | Found Hywiv's Armour Shoppe.
 24565 | D:5      | Bought a dented steel amulet for 100 gold pieces
 24723 | Orc:2    | Bought a +1 buckler of fire resistance for 231 gold pieces
 24884 | Orc:2    | Bought a shimmering scimitar for 297 gold pieces
 24884 | Orc:2    | Identified the +3 scimitar "Biseerr" {chaos, rElec rC-
                  | Dex-5 SInv} (You bought it in a shop on level 2 of the
                  | Orcish Mines)
 25120 | D:11     | Reached XP level 15. HP: 90/123 MP: 15/35
 25505 | D:12     | Reached skill level 1 in Shields
 25629 | D:6      | Bought a book of Spontaneous Combustion for 456 gold pieces
 25636 | D:6      | Learned a level 5 spell: Irradiate
 26210 | D:13     | Noticed Rupert
 26391 | D:13     | Reached skill level 5 in Air Magic
 26501 | D:13     | Noticed a frost giant
 26505 | D:13     | Noticed an orc warlord
 26507 | D:13     | Noticed Mattviviwu's ghost (journeyman DECj)
 26515 | D:13     | Found a runed translucent gate.
 26515 | D:13     | Found a runed translucent gate.
 26515 | D:13     | Found a runed translucent gate.
 26527 | D:13     | Killed Rupert
 26732 | D:13     | Noticed Josephine
 26739 | D:13     | Killed Josephine
 27251 | D:13     | Found a basalt altar of Yredelemnul.
 28069 | D:14     | Found a gate to the Vaults.
 28413 | D:14     | Identified the +0 chain mail of Isieseki {Will+}
 28924 | D:15     | Entered Level 15 of the Dungeon
 29234 | D:15     | Offered knowledge of Arcjolt by Vehumet.
 29235 | D:15     | Reached skill level 17 in Spellcasting
 29321 | D:15     | Found Zanwuic's Jewellery Boutique.
 29597 | D:15     | Found a staircase to the Depths.
 29793 | D:15     | Found an ancient bone altar of Kikubaaqudgha.
 30135 | Swamp:1  | Entered Level 1 of the Swamp
 30190 | Swamp:1  | Found a glacial archway.
 30327 | Swamp:1  | Found a runed translucent gate.
 30420 | IceCv    | Entered an ice cave
 30572 | IceCv    | Reached skill level 5 in Shields
 30860 | IceCv    | Reached XP level 16. HP: 130/130 MP: 26/37
 31041 | IceCv    | Noticed an azure jelly
 31044 | IceCv    | Killed an azure jelly
 31188 | IceCv    | Noticed an azure jelly
 31191 | IceCv    | Killed an azure jelly
 31259 | IceCv    | Noticed an azure jelly
 31360 | IceCv    | Noticed an azure jelly
 31374 | IceCv    | Killed an azure jelly
 31608 | IceCv    | Noticed a rockslime
 31617 | IceCv    | Killed a rockslime
 31776 | IceCv    | Learned a level 3 spell: Passwall
 31802 | IceCv    | Found a viscous altar of Jiyva.
 31820 | IceCv    | Identified the ring of Uroen {rElec rF+ MP+9 EV+5 Str+2}
 31824 | IceCv    | Got the ring "Ynu Zuc" {rC+ Will++}
 31825 | IceCv    | Identified the +0 leather armour of Defence {+Blink rElec
                  | rN+ Dex-5}
 31827 | IceCv    | Got the Catalogue of Hail
 31828 | IceCv    | Identified the +3 leather armour of the Original Sin
                  | {^Contam rElec rC+ Dex+5}
 31870 | IceCv    | Got the ring of Foolhardiness {Ice Str+3 Int+4 Dex+2
                  | Slay+3}
 31874 | IceCv    | Noticed an azure jelly
 32055 | Swamp:1  | Found a runed translucent gate.
 32056 | Swamp:1  | Found a runed translucent gate.
 32058 | Swamp:1  | Noticed Ykem's ghost (adept GnWn)
 32075 | Swamp:1  | Offered knowledge of Eringya's Noxious Bog by Vehumet.
 33285 | Swamp:2  | Noticed Jorgrun
 33365 | Swamp:2  | Killed Jorgrun
 34040 | Swamp:2  | Noticed a fenstrider witch
 34043 | Swamp:2  | Killed a fenstrider witch
 34046 | Swamp:2  | Noticed a fenstrider witch
 34047 | Swamp:2  | Killed a fenstrider witch
 34049 | Swamp:2  | Noticed a fenstrider witch
 34052 | Swamp:2  | Killed a fenstrider witch
 34118 | Swamp:2  | Found a runed translucent door.
 34498 | Swamp:3  | Identified the +11 dire flail "Uzanlem" {vamp, Fly Str+4}
 34540 | Swamp:3  | Noticed a fenstrider witch
 34544 | Swamp:3  | Killed a fenstrider witch
 34764 | Swamp:3  | Reached XP level 17. HP: 138/138 MP: 29/38
 35444 | Swamp:4  | Entered Level 4 of the Swamp
 35720 | Swamp:4  | Reached skill level 18 in Spellcasting
 36006 | Swamp:4  | Reached skill level 10 in Air Magic
 36946 | Swamp:4  | Noticed Roxanne
 36961 | Swamp:4  | Got a decaying rune of Zot
 37350 | Spider:1 | Entered Level 1 of the Spider Nest
 37358 | Spider:1 | Reached skill level 10 in Dodging
 37483 | Spider:1 | Reached skill level 10 in Conjurations
 37684 | Spider:1 | Offered knowledge of Iskenderun's Battlesphere by Vehumet.
 39219 | Spider:2 | Identified the +9 quarterstaff of Salt {spect, *Slow rC+
                  | MP+9 SInv}
 40158 | Spider:3 | Noticed Agnes
 40162 | Spider:3 | Killed Agnes
 40484 | Spider:3 | Offered knowledge of Lehudib's Crystal Spear by Vehumet.
 40588 | Spider:3 | Noticed Arachne
 40593 | Spider:3 | Killed Arachne
 40594 | Spider:3 | Reached XP level 18. HP: 145/145 MP: 9/40
 41171 | Spider:4 | Entered Level 4 of the Spider Nest
 41175 | Spider:4 | Reached ****** piety under Vehumet
 41558 | Spider:4 | Noticed Louise
 41563 | Spider:4 | Killed Louise
 42301 | Spider:4 | Noticed Mara
 42310 | Spider:4 | Noticed gimp's illusion
 42507 | Spider:4 | Found the +3 pair of gauntlets of War {Slay+5}
 42517 | Spider:4 | Got a gossamer rune of Zot
 42834 | Vaults:1 | Entered Level 1 of the Vaults
 43070 | Vaults:1 | Offered knowledge of Fire Storm by Vehumet.
 43070 | Vaults:1 | Offered knowledge of Shatter by Vehumet.
 43070 | Vaults:1 | Offered knowledge of Chain Lightning by Vehumet.
 43254 | Vaults:1 | Reached skill level 19 in Spellcasting
 43417 | Vaults:1 | Found Noreyj's Armour Boutique.
 44063 | Vaults:1 | You fall into a shaft and drop 1 floor!
 44063 | Vaults:2 | Identified the +4 robe "Itoper" {+Inv}
 44063 | Vaults:2 | Noticed Boris
 44070 | Vaults:2 | Killed Boris
 44076 | Vaults:2 | Reached XP level 19. HP: 104/158 MP: 27/42
 44076 | Vaults:2 | Noticed Nikola
 44199 | Vaults:2 | Found a staircase to the Crypt.
 44199 | Vaults:2 | Found a basalt altar of Yredelemnul.
 44200 | Vaults:2 | Found an ancient bone altar of Kikubaaqudgha.
 44538 | Vaults:2 | Noticed Sojobo
 44552 | Vaults:2 | Killed Sojobo
 44671 | Vaults:2 | Killed Nikola
 45271 | Vaults:2 | Identified the +1 arbalest "Oxooboit" {flame, ^Fragile rN+
                  | Will+++ SInv}
 45436 | Vaults:3 | Found a flickering gateway to a bazaar.
 45444 | Bazaar   | Entered a bazaar
 45444 | Bazaar   | Found Jonissiwk's Distillery.
 45444 | Bazaar   | Found Iwiemyn's Assorted Antiques.
 45444 | Bazaar   | Found Puolezxoj's Book Emporium.
 45446 | Bazaar   | Found Bofaa's Distillery.
 45460 | Bazaar   | Bought a potion of haste for 130 gold pieces
 45460 | Bazaar   | Bought a potion of might for 52 gold pieces
 45460 | Bazaar   | Bought a potion of curing for 39 gold pieces
 45460 | Bazaar   | Bought a potion of brilliance for 52 gold pieces
 45460 | Bazaar   | Bought a potion of curing for 39 gold pieces
 45460 | Bazaar   | Bought a potion of curing for 39 gold pieces
 45460 | Bazaar   | Bought a potion of curing for 39 gold pieces
 45460 | Bazaar   | Bought a potion of heal wounds for 65 gold pieces
 45460 | Bazaar   | Bought a potion of curing for 39 gold pieces
 45460 | Bazaar   | Bought a potion of cancellation for 104 gold pieces
 45463 | Bazaar   | Bought a phial of floods for 800 gold pieces
 45463 | Bazaar   | Bought a potion of haste for 200 gold pieces
 45466 | Bazaar   | Bought a potion of magic for 136 gold pieces
 45466 | Bazaar   | Bought a potion of curing for 51 gold pieces
 45466 | Bazaar   | Bought a potion of invisibility for 136 gold pieces
 45466 | Bazaar   | Bought a potion of curing for 51 gold pieces
 45466 | Bazaar   | Bought a potion of ambrosia for 136 gold pieces
 45480 | Vaults:3 | Learned a level 8 spell: Maxwell's Capacitive Coupling
 45489 | Vaults:3 | Learned a level 8 spell: Ignition
 45598 | Vaults:3 | Reached skill level 20 in Spellcasting
 45603 | Vaults:3 | Identified the +0 tower shield "Iliskep" {rC+}
 45603 | Vaults:3 | Noticed Mennas
 46237 | Vaults:3 | Paralysed by a formless jellyfish for 1 turns
 46323 | Vaults:3 | Reached skill level 15 in Air Magic
 46378 | Vaults:3 | Reached XP level 20. HP: 166/166 MP: 42/44
 47124 | Vaults:3 | Killed Mennas
 47140 | Vaults:4 | Noticed Donald
 47140 | Vaults:4 | Noticed Jory
 47147 | Vaults:3 | Killed Jory
 47187 | Vaults:4 | Killed Donald
 47209 | Vaults:4 | Found a magical portal.
 47218 | WizLab   | Entered Alistair's Party Mansion
 47397 | WizLab   | Reached skill level 21 in Spellcasting
 47585 | WizLab   | Learned a level 1 spell: Apportation
 47600 | WizLab   | Acquired 1060 gold pieces
 48626 | Vaults:4 | Reached XP level 21. HP: 39/172 MP: 8/46
 49628 | Elf:1    | Entered Level 1 of the Elven Halls
 50002 | Elf:1    | Found a stormy altar of Qazlal.
 50434 | Elf:2    | Identified the ring "Arauc" {^Contam rF+ rN+ Str+2 Int+6}
 50540 | Elf:2    | Reached skill level 22 in Spellcasting
 50778 | Elf:2    | Found a large runed translucent door.
 50778 | Elf:2    | Found a large runed translucent door.
 50808 | Elf:2    | Found a large runed translucent door.
 50808 | Elf:2    | Found a large runed translucent door.
 50846 | Elf:2    | Found a runed translucent gate.
 50846 | Elf:2    | Found a runed translucent gate.
 50846 | Elf:2    | Found a runed translucent gate.
 50848 | Elf:2    | Noticed Cuucabuana's ghost (veteran MiGl)
 50854 | Elf:2    | Killed Cuucabuana's ghost
 50871 | Elf:2    | Got the Parchment of Heat and the Door
 51074 | Elf:3    | Entered Level 3 of the Elven Halls
 51208 | Elf:3    | Found Fenen's Distillery.
 51221 | Elf:3    | Bought a potion of resistance for 160 gold pieces
 51221 | Elf:3    | Bought a potion of haste for 160 gold pieces
 51221 | Elf:3    | Bought a potion of curing for 48 gold pieces
 51221 | Elf:3    | Bought a potion of heal wounds for 80 gold pieces
 51221 | Elf:3    | Bought a potion of brilliance for 64 gold pieces
 51221 | Elf:3    | Bought a potion of haste for 160 gold pieces
 51455 | Elf:3    | Found Dejaat's Jewellery Emporium.
 51460 | Elf:3    | Found Uwoxzuni's Distillery.
 51467 | Elf:3    | Bought a potion of curing for 36 gold pieces
 51467 | Elf:3    | Bought a potion of curing for 36 gold pieces
 51467 | Elf:3    | Bought a potion of heal wounds for 60 gold pieces
 51467 | Elf:3    | Bought a potion of brilliance for 48 gold pieces
 52114 | Elf:3    | Identified the staff of Ihaohoz {Conj Air}
 52130 | Elf:3    | Identified the +6 quarterstaff of the Sea {speed, rCorr
                  | Str+2 Int+3}
 52206 | Elf:3    | Identified the +5 sling "Lifebane" {freeze, rElec Will+
                  | Str+4}
 52209 | Elf:3    | Identified the +0 hand axe of Impatience {flame, rF+ rN+
                  | MP-9 Str+2}
 52320 | Elf:3    | Identified the ring "Ticlocae" {Ice Dex+2}
 52403 | Elf:3    | Identified the +6 longbow of Stickiness {antimagic,
                  | ^Fragile Str+3 Int+4}
 52468 | Elf:3    | Identified the +3 scimitar of Taugrozo {holy, rPois}
 52819 | Depths:1 | Entered Level 1 of the Depths
 52956 | Depths:1 | Reached XP level 22. HP: 173/181 MP: 37/48
 53197 | Depths:1 | Found a one-way gateway to a ziggurat.
 53214 | Depths:1 | Noticed Norris
 53219 | Depths:1 | Killed Norris
 53238 | Depths:1 | Found a gateway to Hell.
 53450 | Depths:1 | Found a broken altar of Ashenzari.
 53573 | Depths:1 | Learned a level 2 spell: Blink
 53798 | Depths:2 | Noticed a juggernaut
 53803 | Depths:2 | Killed a juggernaut
 53881 | Depths:2 | Reached skill level 15 in Fire Magic
 54092 | Depths:2 | Identified the +12 quarterstaff "Efir" {vamp, rC++ Will+}
 54213 | Depths:2 | Noticed the Enchantress
 54219 | Depths:2 | Killed the Enchantress
 54443 | Depths:2 | Acquired 857 gold pieces
 54565 | Depths:2 | Found a one-way gate leading to the halls of Pandemonium.
 54691 | Depths:2 | Learned a level 9 spell: Chain Lightning
 54750 | Depths:3 | Found Onemibyk's Book Shop.
 54763 | Depths:3 | Identified the +3 robe "Othaing" {^Drain +Blink Int+7
                  | Archmagi}
 54763 | Depths:3 | Noticed Boris
 54767 | Depths:3 | Killed Boris
 55037 | Depths:3 | Reached XP level 23. HP: 142/187 MP: 49/49
 55096 | Depths:3 | Noticed a golden dragon
 55100 | Depths:3 | Killed a golden dragon
 55335 | Depths:3 | Found a one-way gate to the infinite horrors of the Abyss.
 55493 | Depths:3 | Noticed Grunn
 55498 | Depths:3 | Killed Grunn
 55650 | Depths:3 | Got the Catalogue of Wild Oromancy
 55678 | Depths:3 | Found a shimmering blue altar of Sif Muna.
 56056 | Depths:4 | Entered Level 4 of the Depths
 56305 | Depths:4 | Reached skill level 23 in Spellcasting
 56312 | Depths:4 | Reached skill level 1 in Evocations
 56401 | Depths:4 | Found a transporter.
 56639 | Depths:4 | Found a gate to the Realm of Zot.
 57058 | Depths:4 | Noticed a golden dragon
 57072 | Depths:4 | Killed a golden dragon
 57669 | Slime:1  | Entered Level 1 of the Pits of Slime
 57787 | Slime:2  | Reached XP level 24. HP: 164/195 MP: 50/50
 57788 | Slime:2  | Gained mutation: You are weak. (Str -2) [a shining eye]
 58003 | Slime:4  | Noticed Dissolution
 58007 | Slime:4  | Killed Dissolution
 58058 | Slime:4  | Reached skill level 5 in Evocations
 58147 | Slime:5  | Entered Level 5 of the Pits of Slime
 58248 | Slime:5  | Noticed the Royal Jelly
 58252 | Slime:5  | Killed the Royal Jelly
 58282 | Slime:5  | Identified the +4 spear of the Apocalypse {flame, rF+}
 58291 | Slime:5  | Gained mutation: You are dopey. (Int -2) [mutagenic glow]
 58303 | Slime:5  | Identified the +0 rapier "Stringbean" {venom, Will+ Str+3}
 58320 | Slime:5  | Got a slimy rune of Zot
 58377 | Slime:5  | Identified the ring "Ireil" {Fire rPois rCorr Str-5}
 58828 | Vaults:5 | Entered Level 5 of the Vaults
 58839 | Vaults:5 | Noticed an ancient lich
 58840 | Vaults:5 | Reached skill level 15 in Conjurations
 59003 | Vaults:5 | Killed an ancient lich
 59003 | Vaults:5 | Noticed an ancient lich
 59015 | Vaults:5 | Reached XP level 25. HP: 77/201 MP: 37/50
 59042 | Vaults:5 | Identified the ring of Lesser Demons {rPois rN++ Will-
                  | Stlth+}
 59338 | Vaults:5 | Identified the +4 broad axe "Basycsif" {speed, Str+4 SInv}
 59368 | Vaults:5 | Noticed a dread lich
 59368 | Vaults:5 | Killed a dread lich
 59485 | Vaults:5 | Identified the +2 robe of Huosaqe {Stlth+}
 59597 | Vaults:5 | Got a silver rune of Zot
 59657 | Vaults:5 | Killed an ancient lich
 59735 | Vaults:5 | Noticed a dread lich
 59740 | Vaults:5 | Killed a dread lich
 59867 | Vaults:5 | Identified the +1 pair of gloves of Nuruppiq {Str+4 Dex+2}
 60518 | Vaults:5 | Noticed a dread lich
 60522 | Vaults:5 | Killed a dread lich
 60747 | Crypt:1  | Entered Level 1 of the Crypt
 60747 | Crypt:1  | Noticed Vv
 60751 | Crypt:1  | Killed Vv
 61018 | Crypt:1  | Noticed Khufu
 61022 | Crypt:1  | Killed Khufu
 61023 | Crypt:1  | Noticed a royal mummy
 61110 | Crypt:1  | Killed a royal mummy
 62293 | Crypt:2  | Reached XP level 26. HP: 116/214 MP: 46/50
 63213 | Crypt:3  | Entered Level 3 of the Crypt
 63500 | Crypt:3  | Found a basalt altar of Yredelemnul.
 63718 | Crypt:3  | Got Sophisticated Casting
 63906 | Crypt:3  | Identified the scarf of the Shimmering Gods {harm, rElec
                  | rPois Slay+3}
 64245 | Crypt:3  | Identified the ring "Kysef" {rN++ rCorr Int+6}
 64424 | Crypt:3  | Identified the ring of Wisdom {Fire *Corrode rElec rN++
                  | Str+2}
 64424 | Crypt:3  | Noticed a royal mummy
 64424 | Crypt:3  | Identified the ring of Deteywah {Fly rN++}
 64450 | Crypt:3  | Killed a royal mummy
 64580 | Crypt:3  | Found a staircase to the Tomb.
 64595 | Crypt:3  | Identified the +2 cloak of Valiance {rPois Dex+4 SInv}
 64710 | Crypt:3  | Got the Folio of Gloom
 64823 | Crypt:3  | Reached skill level 10 in Fighting
 65327 | Swamp:1  | Killed Ykem's ghost
 65349 | Swamp:1  | Identified the +5 long sword of the Beginning {drain, rF+
                  | MP-9 Dex+2 Stlth+}
 65416 | Swamp:4  | Killed Roxanne
 65825 | D:13     | Killed Mattviviwu's ghost
 65960 | Lair:1   | Killed juan097's ghost
 66544 | Hell     | Entered the Vestibule of Hell
 66544 | Hell     | Noticed Geryon
 66554 | Hell     | Killed Geryon
 66729 | Hell     | Reached skill level 15 in Dodging
 66905 | Hell     | Found a gateway to the decaying netherworld of Tartarus.
 67061 | Hell     | Found a gateway to the ashen valley of Gehenna.
 67151 | Hell     | Found a gateway to the Iron City of Dis.
 67210 | Hell     | Found a gateway to the freezing wastes of Cocytus.
 67395 | Pan      | Entered Pandemonium
 67412 | Pan      | Acquired a manual of Evocations
 67486 | Pan      | Reached XP level 27. HP: 129/229 MP: 7/50
 67594 | Pan      | Lost mutation: You are weak. (Str -2) [potion of mutation]
 67594 | Pan      | Lost mutation: You are dopey. (Int -2) [potion of mutation]
 67594 | Pan      | Gained mutation: You are weak. (Str -2) [potion of
                  | mutation]
 67792 | Pan      | Noticed Uvuk the pandemonium lord
 67793 | Pan      | Killed Uvuk the pandemonium lord
 67799 | Pan      | Reached skill level 1 in Staves
 68105 | Pan      | Entered the realm of Mnoleg.
 68121 | Pan      | Gained mutation: You are very weak. (Str -4) [a cacodemon]
 68122 | Pan      | Gained mutation: You occasionally lose the ability to read
                  | scrolls when taking damage. [a cacodemon]
 68150 | Pan      | Reached skill level 10 in Shields
 68359 | Pan      | Gained mutation: Your magical capacity is low. (-10% MP) [a
                  | cacodemon]
 68409 | Pan      | Gained mutation: You are frail. (-10% HP) [a cacodemon]
 68603 | Pan      | Noticed Mnoleg
 68616 | Pan      | Killed Mnoleg
 68643 | Pan      | Got a glowing rune of Zot
 68765 | Pan      | Gained mutation: You have hidden genetic defects. [a
                  | cacodemon]
 68766 | Pan      | Gained mutation: You are occasionally teleported next to
                  | monsters. [a cacodemon]
 68768 | Pan      | Gained mutation: You occasionally lose the ability to drink
                  | potions when taking damage. [a cacodemon]
 68786 | Pan      | Entered the realm of Lom Lobon.
 68803 | Pan      | Lost mutation: You are occasionally teleported next to
                  | monsters. [potion of mutation]
 68803 | Pan      | Lost mutation: You are frail. (-10% HP) [potion of
                  | mutation]
 68803 | Pan      | Gained mutation: You are frail. (-10% HP) [potion of
                  | mutation]
 68803 | Pan      | Lost mutation: Your magical capacity is low. (-10% MP)
                  | [potion of mutation]
 68803 | Pan      | Gained mutation: Your spells are a little harder to cast,
                  | but a little more powerful. [potion of mutation]
 68804 | Pan      | Lost mutation: You have hidden genetic defects. [potion of
                  | mutation]
 68804 | Pan      | Lost mutation: You are very weak. (Str -4) [potion of
                  | mutation]
 68804 | Pan      | Lost mutation: Your spells are a little harder to cast, but
                  | a little more powerful. [potion of mutation]
 68804 | Pan      | Gained mutation: You do not regenerate when monsters are
                  | visible. [potion of mutation]
 68804 | Pan      | Gained mutation: Your spells are a little harder to cast,
                  | but a little more powerful. [potion of mutation]
 68805 | Pan      | Lost mutation: You occasionally lose the ability to drink
                  | potions when taking damage. [potion of mutation]
 68805 | Pan      | Lost mutation: You are weak. (Str -2) [potion of mutation]
 68805 | Pan      | Lost mutation: You are frail. (-10% HP) [potion of
                  | mutation]
 68805 | Pan      | Gained mutation: You are clumsy. (Dex -2) [potion of
                  | mutation]
 68805 | Pan      | Lost mutation: Your spells are a little harder to cast, but
                  | a little more powerful. [potion of mutation]
 68806 | Pan      | Lost mutation: You are clumsy. (Dex -2) [potion of
                  | mutation]
 68806 | Pan      | Lost mutation: You do not regenerate when monsters are
                  | visible. [potion of mutation]
 68806 | Pan      | Lost mutation: You occasionally lose the ability to read
                  | scrolls when taking damage. [potion of mutation]
 68806 | Pan      | Gained mutation: You are weak. (Str -2) [potion of
                  | mutation]
 68806 | Pan      | Gained mutation: Your movements are slightly less
                  | encumbered by armour. (ER -2) [potion of mutation]
 68806 | Pan      | Gained mutation: Your mind is acute. (Int +4, Str/Dex -1)
                  | [potion of mutation]
 68820 | Pan      | Reached skill level 5 in Staves
 69124 | Pan      | Identified the ring of Afoer {rCorr Int+4}
 69831 | Pan      | Noticed Lom Lobon
 69834 | Pan      | Killed Lom Lobon
 69875 | Pan      | Got a magical rune of Zot
 70375 | Pan      | Identified the +5 sling "Tounoff" {heavy, ^Drain Str+4
                  | Int+2}
 70586 | Pan      | Found a white marble altar of Elyvilon.
 70822 | Pan      | Learned a level 9 spell: Fire Storm
 70829 | Pan      | Learned a level 6 spell: Bombard
 71320 | Pan      | Found a glowing silver altar of Zin.
 71521 | Pan      | Got the Directory of Icy Toxicants
 71624 | Pan      | Noticed a seraph
 71629 | Pan      | Killed a seraph
 71662 | Pan      | Found a glowing golden altar of the Shining One.
 71666 | Pan      | Identified the +4 plate armour "Fysytoej" {-Tele rF++ rCorr
                  | Str+3}
 71666 | Pan      | Identified the ring of Ilyi {rElec rC++ rCorr Str-3 Slay+6}
 71681 | Pan      | Identified the +7 falchion of Discord {flame, ^Drain rElec
                  | rF- Str+8}
 71686 | Pan      | Got a demonic rune of Zot
 71769 | Depths:2 | Escaped Pandemonium
 71794 | Pan      | Entered the realm of Gloorx Vloq.
 71794 | Pan      | Entered Pandemonium
 72903 | Pan      | Noticed Gloorx Vloq
 72908 | Pan      | Killed Gloorx Vloq
 72915 | Pan      | Got a dark rune of Zot
 73055 | Pan      | Reached skill level 10 in Staves
 73091 | Pan      | Entered the realm of Cerebov.
 73371 | Pan      | Found an exit through the horrors of the Abyss.
 73825 | Pan      | Identified the +5 long sword of Massacring {freeze, Will++
                  | rCorr Int+4}
 73859 | Pan      | Identified the +0 plate armour of the Countless Visions
                  | {Regen+}
 73864 | Pan      | Identified the +2 robe of the Evening Star {Rampage}
 73907 | Pan      | Got the Compendium of the Spawned Rocks
 73936 | Pan      | Identified the +3 leather armour "Gomoaro" {Rampage Will-
                  | Str-3 Slay+5}
 73999 | Pan      | Found the +6 sword of Cerebov {flame}
 73999 | Pan      | Noticed Cerebov
 74003 | Pan      | Killed Cerebov
 74023 | Pan      | Got a fiery rune of Zot
 74126 | Pan      | Took an exit into the Abyss.
 74126 | Abyss:1  | Escaped into the Abyss
 74128 | Abyss:1  | Found a corrupted altar of Lugonu.
 74455 | Abyss:2  | Found a corrupted altar of Lugonu.
 74656 | Abyss:2  | Found a corrupted altar of Lugonu.
 75466 | Depths:2 | Escaped the Abyss
 75525 | Pan      | Entered Pandemonium
 75527 | Pan      | Found an exit through the horrors of the Abyss.
 75544 | Pan      | Took an exit into the Abyss.
 75544 | Abyss:4  | Escaped into the Abyss
 75604 | Abyss:4  | Found a corrupted altar of Lugonu.
 75703 | Abyss:4  | Found a corrupted altar of Lugonu.
 75716 | Abyss:4  | Found a corrupted altar of Lugonu.
 75730 | Abyss:4  | Reached skill level 15 in Shields
 75746 | Abyss:4  | Got an abyssal rune of Zot
 75896 | Abyss:4  | Found a corrupted altar of Lugonu.
 75936 | Depths:2 | Escaped the Abyss
 76070 | Zot:1    | Entered Level 1 of the Realm of Zot
 77218 | Zot:1    | Learned a level 8 spell: Lehudib's Crystal Spear
 77368 | Geh:1    | Entered Level 1 of Gehenna
 77789 | Geh:3    | Reached skill level 10 in Earth Magic
 78544 | Geh:5    | You fall into a shaft and drop 1 floor!
 78739 | Geh:7    | Entered Level 7 of Gehenna
 79105 | Geh:7    | Reached skill level 15 in Earth Magic
 79410 | Geh:7    | Found the +13 sceptre of Asmodeus
 79410 | Geh:7    | Noticed Asmodeus
 79414 | Geh:7    | Killed Asmodeus
 79466 | Geh:7    | Got an obsidian rune of Zot
 79690 | Coc:1    | Entered Level 1 of Cocytus
 80190 | Coc:2    | You are sucked into a shaft and drop 2 floors!
 80215 | Coc:4    | Gained mutation: Your mind is very acute. (Int +8, Str/Dex
                  | -2) [mutagenic glow]
 81046 | Coc:6    | Learned a level 9 spell: Shatter
 81047 | Coc:7    | Entered Level 7 of Cocytus
 81692 | Coc:7    | Noticed Antaeus
 81703 | Coc:7    | Killed Antaeus
 81801 | Coc:7    | Identified the +0 scale mail of the Equinox {rPois Will++
                  | Regen+ Dex-5}
 81840 | Coc:7    | Identified the +6 mace "Xiorhao" {freeze, rF+ Will++}
 81879 | Coc:7    | Identified the +0 ring mail of Responsibility {-Tele rN+
                  | rCorr Dex+3}
 81881 | Coc:7    | Got an icy rune of Zot
 82103 | Tar:1    | Entered Level 1 of Tartarus
 82559 | Tar:3    | Reached skill level 15 in Fighting
 82910 | Tar:5    | Reached skill level 10 in Evocations
 83323 | Tar:7    | Entered Level 7 of Tartarus
 83518 | Tar:4    | Noticed a dread lich
 83522 | Tar:4    | Killed a dread lich
 83962 | Tar:7    | Noticed an ancient lich
 83969 | Tar:7    | Killed an ancient lich
 84004 | Tar:7    | Noticed a dread lich
 84010 | Tar:7    | Killed a dread lich
 85053 | Tar:7    | Reached skill level 15 in Evocations
 85280 | Tar:7    | Noticed Ereshkigal
 85284 | Tar:7    | Killed Ereshkigal
 85297 | Tar:7    | Identified the +1 trident "Xaujyjin" {heavy, Fly Stlth+}
 85304 | Tar:7    | Got a bone rune of Zot
 85311 | Tar:7    | Identified the ring of Exza {rF+ rC+ rN+ Will+ SInv}
 85487 | Dis:1    | Entered Level 1 of the Iron City of Dis
 86550 | Dis:7    | Entered Level 7 of the Iron City of Dis
 86871 | Dis:7    | Noticed the Serpent of Hell
 87154 | Dis:7    | Reached skill level 24 in Spellcasting
 87253 | Dis:7    | Noticed a juggernaut
 87256 | Dis:7    | Killed a juggernaut
 87347 | Dis:7    | Killed the Serpent of Hell
 87446 | Dis:7    | Reached skill level 25 in Spellcasting
 87457 | Dis:7    | Noticed a dread lich
 87472 | Dis:7    | Killed a dread lich
 87723 | Dis:7    | Noticed Dispater
 87731 | Dis:7    | Killed Dispater
 87734 | Dis:7    | Noticed a juggernaut
 87739 | Dis:7    | Killed a juggernaut
 87759 | Dis:7    | Got an iron rune of Zot
 88201 | Tomb:1   | Entered Level 1 of the Tomb of the Ancients
 88751 | Tomb:1   | Identified the +3 robe of Qazlal, Protecting {rC+ rN+
                  | Regen+ rCorr}
 88751 | Tomb:1   | Noticed Boris
 88768 | Tomb:1   | Reached skill level 26 in Spellcasting
 88809 | Tomb:1   | Noticed a royal mummy
 88813 | Tomb:1   | Killed a royal mummy
 89152 | Tomb:1   | Killed Boris
 89605 | Tomb:1   | Noticed a royal mummy
 89615 | Tomb:1   | Killed a royal mummy
 89626 | Tomb:1   | Noticed a royal mummy
 89633 | Tomb:1   | Killed a royal mummy
 89775 | Tomb:1   | Noticed a royal mummy
 89779 | Tomb:1   | Killed a royal mummy
 89804 | Tomb:1   | Noticed a royal mummy
 89808 | Tomb:1   | Killed a royal mummy
 89894 | Tomb:1   | Noticed a royal mummy
 89903 | Tomb:1   | Killed a royal mummy
 90002 | Tomb:1   | Noticed a royal mummy
 90006 | Tomb:1   | Killed a royal mummy
 90119 | Tomb:1   | Noticed a royal mummy
 90124 | Tomb:1   | Killed a royal mummy
 90433 | Tomb:3   | Entered Level 3 of the Tomb of the Ancients
 90437 | Tomb:3   | Found the +9 staff of Olgreb {rPois∞}
 90447 | Tomb:3   | Noticed a royal mummy
 90450 | Tomb:3   | Noticed a royal mummy
 90451 | Tomb:3   | Noticed a royal mummy
 90454 | Tomb:3   | Reached skill level 27 in Spellcasting
 90454 | Tomb:3   | Noticed a royal mummy
 90455 | Tomb:3   | Killed a royal mummy
 90455 | Tomb:3   | Noticed a royal mummy
 90461 | Tomb:3   | Got a golden rune of Zot
 90461 | Tomb:3   | Noticed a royal mummy
 91411 | Zot:5    | Entered Level 5 of the Realm of Zot
 91846 | Zot:5    | Noticed an ancient lich
 91851 | Zot:5    | Noticed an orb of fire
 91852 | Zot:5    | Killed an ancient lich
 91855 | Zot:5    | Gained mutation: You possess an exceptional clarity of
                  | mind. [an orb of fire]
 91857 | Zot:5    | Noticed a dread lich
 91857 | Zot:5    | Noticed an orb of fire
 91860 | Zot:5    | Noticed an orb of fire
 91861 | Zot:5    | Killed an orb of fire
 91861 | Zot:5    | Noticed an orb of fire
 91863 | Zot:5    | Killed an orb of fire
 91863 | Zot:5    | Killed a dread lich
 91863 | Zot:5    | Noticed an orb of fire
 91863 | Zot:5    | Noticed an orb of fire
 91864 | Zot:5    | Noticed an orb of fire
 91865 | Zot:5    | Killed an orb of fire
 91865 | Zot:5    | Killed an orb of fire
 91866 | Zot:5    | Killed an orb of fire
 91867 | Zot:5    | Killed an orb of fire
 91867 | Zot:5    | Noticed an orb of fire
 91868 | Zot:5    | Killed an orb of fire
 91870 | Zot:5    | Gained mutation: Your natural rate of healing is unusually
                  | fast. [an orb of fire]
 91871 | Zot:5    | Killed an orb of fire
 91875 | Zot:5    | Noticed an ancient lich
 91889 | Zot:5    | Killed an ancient lich
 91890 | Zot:5    | Noticed an orb of fire
 91890 | Zot:5    | Noticed an ancient lich
 91892 | Zot:5    | Killed an ancient lich
 91893 | Zot:5    | Noticed a dread lich
 91895 | Zot:5    | Killed an orb of fire
 91895 | Zot:5    | Killed a dread lich
 92398 | Zot:5    | Got the Orb of Zot
 92557 | Zot:1    | Noticed a seraph
 92721 | D:14     | Noticed Ilemoazi the pandemonium lord
 92730 | D:14     | Killed Ilemoazi the pandemonium lord
 93004 | D:$      | Escaped with the Orb!

Illustrated notes

Levels and vault maps discovered:
D:1:      wander_arrival_abandoned_jail, layout_loops_ring, lemuel_flame_loot_1
D:2:      layout_rooms
D:3:      layout_rooms, nicolae_overflow_hallway_of_the_gods, uniq_natasha
D:4:      layout_cave_pools, mainiacjoe_overflow_large_starburst,
          minmay_manual_monstrance, uniq_edmund, uniq_eustachio, uniq_robin,
          uniq_blork_the_orc
D:5:      layout_layer_cave, serial_shops, nicolae_shop_advertising_works
          [nicolae_subvault_shop_adworks], uniq_menkaure, uniq_pikel
D:6:      gammafunk_wand_slinger, layout_basic, minmay_temple_entry_overgrown,
          serial_shops, shop, shop, dreamdust_mushroom_princess,
          corexii_checkpoint
D:7:      layout_basic, uniq_maggie, uniq_joseph, uniq_jeremiah
D:8:      cheibrodos_frozen_isle, layout_basic, tgw_kikubaaqudgha
D:9:      layout_layer_cave
D:10:     layout_roguey, dpeg_oklobed_lair, serial_ice, serial_ice_k,
          serial_ice_f, serial_ice_e, serial_ice_m
D:11:     layout_long_grid
D:12:     layout_stronghold
D:13:     layout_irregular_city, gammafunk_ghost_split,
          yredelemnul_forgotten_temple_becter, uniq_rupert, uniq_josephine
D:14:     layout_basic, hangedman_vaults_entry_quadrant_bands, nicolae_tricolors
D:15:     hangedman_depths_entry_try_elsewhere_first, layout_long_grid,
          serial_bayou_pond_a, serial_shops, nicolae_shop_peninsula,
          lemuel_zombie_altar_kikubaaqudgha
Temple:   nicolae_temple_god_jail
Lair:1:   layout_regular_city, gammafunk_ghost_necromancy,
          dpeg_stationary_puzzle
Lair:2:   layout_long_grid, skrybe_swamp_entry_bodies, spider_nest_entry_webs,
          basic_altar, nicolae_volcano_entry_s_turn, grunt_megastairs_3,
          uniq_amaemon
Lair:3:   cheibrodos_lair_overgrown_chateau, layout_cave_shapes,
          serial_bayou_shore_a
Lair:4:   layout_gridlike, nicolae_slime_entry_slimehenge, lookout_lair_type,
          nicolae_lair_grove_arrangements, serial_bayou_shore_b,
          grunt_megastairs_2, uniq_nessos
Lair:5:   cheibrodos_lair_end_hotspot, layout_regular_city
Swamp:1:  nicolae_swamp_secret_spriggan_hideout, layout_basic_swamp,
          portal_ice_cave_entry_ice_statue_two, gammafunk_ghost_hydra_chop,
          nicolae_swamp_very_dense_foliage, swamp_pool_3
Swamp:2:  layout_falls_marsh, evilmike_swamp_ruin_house_2,
          nzn_swamp_weyward_sisters, uniq_jorgrun
Swamp:3:  layout_falls_marsh, serial_swamp_ruin, evilmike_swamp_ruin_house_4,
          evilmike_swamp_ruin_house_3, evilmike_swamp_ruin_house_1,
          swamp_pool_3, nicolae_swamp_tree_designs
Swamp:4:  swamp_alternative, layout_basic_swamp, swamp_pool_5, uniq_roxanne
Spider:1: layout_cave_pods, nicolae_spider_nooks_and_crannies
Spider:2: layout_chambers, guppyfry_spider_mini_3
Spider:3: layout_spider_delve, nicolae_orb_stairs, uniq_arachne, uniq_agnes
Spider:4: grunt_spider_rune_parallel, uniq_mara, uniq_louise
Slime:1:  layout_caves
Slime:2:  layout_caves
Slime:3:  layout_caves
Slime:4:  layout_caves, nicolae_slime_barrier, dissolution_awaits
Slime:5:  slime_pit
Orc:1:    layout_diamond_mine, lemuel_statue_altar, abandoned_shop
Orc:2:    grunt_orc_community_town_hall, layout_caves,
          grunt_orc_community_big_house_2, grunt_orc_community_big_house_2,
          grunt_orc_community_house_2, grunt_orc_community_house_2,
          grunt_orc_community_house_2, grunt_orc_community_house_3,
          grunt_orc_community_house_2, grunt_orc_community_house_1, basic_altar
Elf:1:    layout_geoelf_octagon, nicolae_elf_altarnating, hex_large
Elf:2:    elven_hall_of_blades_hangedman_alternative
          [nicolae_blade_entry_splitting_headache], layout_geoelf_octagon,
          ebering_ghost_rock_garden
Elf:3:    minmay_elf_hall_not_hex, layout_geoelf_castle, serial_shops, shop,
          minmay_shop_star
Vaults:1: nicolae_vaults_double_plus_2, nicolae_vaults_tetromino_Z_1,
          hangedman_vaults_locks, nicolae_vaults_storage_closets_3,
          hangedman_vaults_corner_blocks, nicolae_vaults_layer_cake_slice,
          nicolae_vaults_heart-shaped_vault, hangedman_vaults_nails,
          vaults_room_semicircle, vaults_room_hallway,
          grunt_vaults_hallway_short, layout_vaults_omnigrid, serial_shops,
          nicolae_lakefront_shop
Vaults:2: minmay_crypt_entry_necro_gods, nicolae_vaults_weapon_check,
          grunt_vaults_funnel, v_misc_10, minmay_orc_keep, vaults_room_hallway,
          hangedman_vaults_trim, nicolae_vaults_diagonal_hallway_7,
          nicolae_vaults_swerve, v_misc_33, nicolae_vaults_big_angled_halls,
          ontoclasm_vaults_gateway, layout_vaults_ring, uniq_boris, uniq_sojobo,
          uniq_nikola
Vaults:3: vaults_mumra_chevron_long, nicolae_vaults_closet_pinwheel_3,
          hangedman_vaults_river_flow, vaults_room_fours, v_misc_12,
          nicolae_vaults_holding_cells, nicolae_vaults_closet_pinwheel_1,
          vaults_dpeg_encased_lava, layout_vaults_chaotic_city, serial_shops,
          bzr_entry_water, uniq_mennas, uniq_margery
Vaults:4: mu_enter_wizlab_6, nicolae_vaults_tetromino_L_2, st_greater_box_2,
          ontoclasm_vaults_eye, ontoclasm_vaults_bender,
          nicolae_vaults_apartment_2, nicolae_vaults_little_squares_4,
          vaults_room_door_ring, vaults_standard_mumra_x, v_misc_22,
          layout_vaults_maze_snakey, uniq_donald, uniq_jory
Vaults:5
Crypt:1:  minmay_shadows, layout_misc_corridors, minivault_5, uniq_khufu,
          uniq_vv
Crypt:2:  layout_gridlike, minivault_27
Crypt:3:  grunt_crypt_end_deaths_head
Tomb:1
Tomb:2
Tomb:3
Depths:1: layout_cave_pools, enter_ziggurat_e, hangedman_abyss_or_decor_stagger,
          hell_entry, nicolae_ashenzari_skybound, uniq_norris
Depths:2: nicolae_fronds_of_death, layout_cave_pools, hell_entry,
          serial_bayou_pond_e, grunt_pan_entry_spiral, uniq_enchantress
Depths:3: minmay_imperfect_grid, layout_basic, pf_vacation_house_of_asmodeus,
          rand_demon_pan_entry_4, led_sif_pool, abyss_entry, serial_shops,
          nicolae_shop_tiny_statue_garden, uniq_grunn
Depths:4: grunt_zot_entry_bicorn, layout_basic, minmay_hedge_maze,
          hangedman_coc_ice_floe, nicolae_diode_basic
Hell
Dis:1:    layout_subdivisions
Dis:2:    layout_gridville
Dis:3:    layout_gridville
Dis:4:    layout_regular_city
Dis:5:    layout_subdivisions, serial_glass, glass_columns_b, glass_columns_b,
          glass_columns_c, glass_columns_c, glass_columns_c, glass_columns_a
Dis:6:    layout_overlapping_boxes
Dis:7:    dis_hangedman
Geh:1:    layout_gehenna_lava_caves
Geh:2:    layout_gehenna_lava_caves
Geh:3:    layout_gehenna_pools_triple
Geh:4:    layout_gehenna_pools_triple, nicolae_geh_gnashing_of_teeth
Geh:5:    layout_gehenna_pools_box
Geh:6:    layout_gehenna_pools_basic
Geh:7:    evilmike_geh
Coc:1:    layout_ice_bergs
Coc:2:    layout_ice_bergs
Coc:4:    layout_cocytus_water_paths
Coc:5:    layout_cocytus_delve
Coc:6:    layout_cocytus_delve
Coc:7:    coc_grunt_cove [coc_grunt_cove_antaeus, coc_grunt_cove_fiend,
          coc_grunt_cove_fiend, coc_grunt_cove_fiend, coc_grunt_cove_fiend]
Tar:1:    layout_grid_maze, nicolae_tar_cuneiform_bread,
          nicolae_tar_four_comb_rooms
Tar:2:    layout_grid_maze
Tar:3:    layout_honeycomb
Tar:4:    layout_cathedral_of_symmetry
Tar:5:    layout_grid_maze
Tar:6:    layout_grid_maze
Tar:7:    tar_minmay_river
Zot:1:    lemuel_acid_trip, layout_onion_interference, guppyfry_library_mini
Zot:2:    layout_misc_corridors
Zot:3:    layout_cathedral_of_symmetry, regret_index_zotdec_icy_dp
Zot:4:    layout_concentric_octagons, grunt_megastairs_4
Zot:5:    layout_cellular_growth

Skill      XL: |  1  2  3  4  5  6  7  8  9 10 11 12 13 14 15 16 17 18 19 20 21 22 23 24 25 26 27 |
---------------+----------------------------------------------------------------------------------+-----
Spellcasting   | 3 4 5 6 7 9 11 12 14 15 16 17 18 19 20 21 22 23 27 | 27.0
Conjurations   | 2 3 4 5 6 9 10 12 15 18 20 24 | 24.0
Earth Magic    | 4 5 6 7 8 25 | 25.0
Alchemy        | 2 4 6 |  6.0
Air Magic      | 4 7 9 11 12 15 17 18 19 20 23 | 23.2
Fire Magic     | 4 6 9 11 12 13 15 17 20 | 20.0
Fighting       | 2 5 7 8 11 21 | 21.8
Dodging        | 2 5 7 9 10 11 12 14 15 | 15.0
Shields        | 5 6 8 9 17 | 17.0
Evocations     | 3 7 9 15 | 15.0
Staves         | 12 | 12.0
Stealth        | |  3.0

Action                     |  1- 3 |  4- 6 |  7- 9 | 10-12 | 13-15 | 16-18 | 19-21 | 22-24 | 25-27 || total
---------------------------+-------+-------+-------+-------+-------+-------+-------+-------+-------++-------
  Melee: Dagger            |       |       |     6 |       |       |       |       |       |       ||     6
         Rapier            |       |       |    31 |    70 |   122 |    59 |    22 |       |       ||   304
         Constrict         |       |       |       |       |    39 |    12 |    14 |     1 |    99 ||   165
         Staff             |       |       |       |       |       |       |    14 |     5 |   461 ||   480
   Cast: Sandblast         |    35 |    76 |    15 |       |       |       |     1 |       |       ||   127
         Stone Arrow       |       |     7 |    93 |   330 |   436 |   205 |   169 |    56 |    59 ||  1355
         Mephitic Cloud    |       |       |     5 |    12 |     8 |     2 |       |       |       ||    27
         Sticky Flame      |       |       |       |     6 |    12 |     2 |     1 |       |       ||    21
         Fireball          |       |       |       |     4 |   119 |   144 |    83 |    27 |    33 ||   410
         Plasma Beam       |       |       |       |       |    69 |   278 |   290 |   160 |   963 ||  1760
         Iskenderun's Myst |       |       |       |       |     2 |       |       |     4 |     3 ||     9
         Irradiate         |       |       |       |       |     5 |    40 |    19 |    18 |    80 ||   162
         Passwall          |       |       |       |       |       |     6 |       |     1 |     2 ||     9
         Maxwell's Capacit |       |       |       |       |       |       |    12 |    69 |   426 ||   507
         Apportation       |       |       |       |       |       |       |    21 |       |    12 ||    33
         Ignition          |       |       |       |       |       |       |     7 |    51 |   128 ||   186
         Blink             |       |       |       |       |       |       |       |     1 |     1 ||     2
         Chain Lightning   |       |       |       |       |       |       |       |     6 |   299 ||   305
         Lehudib's Crystal |       |       |       |       |       |       |       |       |   335 ||   335
         Shatter           |       |       |       |       |       |       |       |       |    31 ||    31
         Bombard           |       |       |       |       |       |       |       |       |     1 ||     1
Ability: Spit Poison       |    23 |    13 |    11 |    20 |     5 |     1 |       |       |       ||    73
  Evoke: Wand              |       |       |       |     2 |       |     5 |    10 |       |     8 ||    25
         Phantom mirror    |       |       |       |       |       |       |     1 |       |     1 ||     2
         Phial of floods   |       |       |       |       |       |       |     1 |       |       ||     1
         Box of beasts     |       |       |       |       |       |       |       |       |     2 ||     2
    Use: Potion            |       |       |     1 |       |       |     1 |     8 |     1 |    31 ||    42
         Scroll            |       |       |    12 |    12 |     5 |     7 |    19 |     5 |    45 ||   105
   Stab: Confused          |       |       |     1 |     5 |       |       |       |       |       ||     6
         Sleeping          |       |       |       |       |       |     1 |       |       |       ||     1
         Invisible         |       |       |       |       |       |     3 |       |       |       ||     3
         Distracted        |       |       |       |       |       |       |       |       |     1 ||     1
 Armour: Robe              |    21 |    19 |    63 |   143 |   160 |   169 |   274 |   143 |    69 ||  1061
         Leather armour    |       |       |       |       |       |       |       |       |  1038 ||  1038
         Skin              |       |       |       |       |       |       |       |       |     3 ||     3
  Dodge: Dodged            |    11 |    12 |    45 |    60 |   157 |   189 |   157 |    75 |   611 ||  1317
         Repelled          |       |       |       |     8 |    26 |    15 |       |       |       ||    49
  Block: Other             |       |       |       |       |    30 |       |       |       |       ||    30
         Buckler           |       |       |       |       |    56 |    97 |    36 |       |       ||   189
         Reflection        |       |       |       |       |    13 |     2 |     5 |     3 |    67 ||    90
         Kite shield       |       |       |       |       |       |       |    35 |    67 |   843 ||   945
         Tower shield      |       |       |       |       |       |       |       |       |   318 ||   318

Table legend: (Time is in decaauts)
 A = Elapsed time spent in this place.
 B = Non-inter-level travel time spent in this place.
 C = Inter-level travel time spent in this place.
 D = Time resting spent in this place.
 E = Time spent auto-exploring this place.
 F = Levels seen in this place.
 G = Mean time per level.
                   A        B        C        D        E       F      G
               +--------+--------+--------+--------+--------+-----+--------+
         Total | 111877 | 100430 |  11447 |   2427 |  77955 | 103 | 1086.2 |
       Dungeon |  25093 |  21103 |   3990 |    394 |  18145 |  15 | 1672.9 |
        Temple |     35 |      3 |     32 |      0 |      0 |   1 |   35.0 |
          Lair |  10738 |   9493 |   1245 |     32 |   8329 |   5 | 2147.6 |
         Swamp |   6965 |   6461 |    504 |    213 |   5451 |   4 | 1741.2 |
   Spider Nest |   6436 |   6240 |    196 |     61 |   5359 |   4 | 1609.0 |
    Slime Pits |    990 |    881 |    109 |    251 |     43 |   5 |  198.0 |
  Orcish Mines |   3199 |   2775 |    424 |    100 |   2247 |   2 | 1599.5 |
   Elven Halls |   3767 |   3491 |    276 |     43 |   2873 |   3 | 1255.7 |
        Vaults |  10185 |   9145 |   1040 |     41 |   7407 |   5 | 2037.0 |
         Crypt |   5343 |   4773 |    570 |      0 |   4120 |   3 | 1781.0 |
          Tomb |   2949 |   2627 |    322 |    368 |   1674 |   3 |  983.0 |
        Depths |   6822 |   5917 |    905 |      0 |   4964 |   4 | 1705.5 |
          Hell |    975 |    726 |    249 |      0 |    571 |   1 |  975.0 |
           Dis |   2746 |   2376 |    370 |      5 |   1606 |   7 |  392.3 |
       Gehenna |   2727 |   2409 |    318 |      4 |   1801 |   7 |  389.6 |
       Cocytus |   2760 |   2604 |    156 |      5 |   2032 |   6 |  460.0 |
      Tartarus |   4013 |   3687 |    326 |    267 |   2605 |   7 |  573.3 |
           Zot |   3010 |   2605 |    405 |    130 |   1642 |   5 |  602.0 |
         Abyss |   1896 |   1896 |      0 |      4 |    742 |   5 |  379.2 |
   Pandemonium |   8046 |   8046 |      0 |    267 |   4365 |   7 | 1149.4 |
        Bazaar |     35 |     35 |      0 |      0 |     14 |   1 |   35.0 |
      Ice Cave |   1602 |   1602 |      0 |     66 |   1198 |   1 | 1602.0 |
       Volcano |    782 |    782 |      0 |    175 |    422 |   1 |  782.0 |
        Wizlab |    753 |    753 |      0 |      0 |    338 |   1 |  753.0 |
               +--------+--------+--------+--------+--------+-----+--------+

Top non-repeatable levels by time:
   Orc:2: 2984 daAuts
  Lair:5: 2899 daAuts
  Tomb:1: 2419 daAuts
 Swamp:1: 2411 daAuts
    D:14: 2373 daAuts
     D:5: 2353 daAuts
Vaults:3: 2258 daAuts
    D:10: 2250 daAuts
  Lair:1: 2230 daAuts
  Lair:3: 2214 daAuts
 Crypt:3: 2190 daAuts
     D:8: 2164 daAuts
    D:12: 2104 daAuts
Vaults:4: 2103 daAuts
Vaults:2: 2019 daAuts
